 Dungeon Crawl Stone Soup version 0.30-a0-591-g3c58d2bc28 (webtiles) character file.

Game seed: 5195570293402595903

52 Oxelix the Slasher (level 3, 0/29 HPs)
             Began as a Barachi Fighter on Jan 6, 2023.
             Splashed by a jelly's acid (5 damage)
             ... on level 2 of the Dungeon.
             The game lasted 00:02:27 (1084 turns).

Oxelix the Slasher (Barachi Fighter)                Turns: 1084, Time: 00:02:27

Health: 0/29       AC: -3    Str: 19    XL:     3   Next: 85%
Magic:  3/3        EV:  9    Int:  8    God:
Gold:   86         SH:  4    Dex: 11    Spells: 2/2 levels left

rFire   . . .      SeeInvis .    a - +0 long sword
rCold   . . .      Faith    .    c - +0 buckler
rNeg    . . .      Spirit   .    b - +0 scale mail
rPois   .          Reflect  .    (no helmet)
rElec   .          Harm     .    (no cloak)
rCorr   .          Rampage  .    (no gloves)
Will    .....                    n - +0 pair of boots Stlth
                                 (no amulet)
HPRegen 0.24/turn                (no ring)
MPRegen 0.08/turn                (no ring)

@: corroded, slow
A: amphibious, slowness 1, strong legs 1, +LOS
a: Hop


You were on level 2 of the Dungeon.
You visited 1 branch of the dungeon, and saw 2 of its levels.

You collected 86 gold pieces.

Inventory:

Hand Weapons
 a - a +0 long sword (weapon)
Armour
 b - a +0 scale mail (worn)
 c - a +0 buckler (worn)
 n - a +0 pair of boots (worn)
Jewellery
 g - an amulet of reflection
 h - an amulet of magic regeneration
 j - a ring of poison resistance
Scrolls
 e - a scroll of vulnerability {unknown}
 i - a scroll of teleportation {unknown}
 k - 2 scrolls of identify {unknown}
 o - a scroll of noise {unknown}
 p - a scroll of amnesia {unknown}
Potions
 d - a potion of might
 f - 4 potions of curing {unknown}
 l - a potion of berserk rage {unknown}
 m - a potion of mutation {unknown}


   Skills:
 - Level 3.6 Fighting
 * Level 4.9 Long Blades
 - Level 3.6 Armour
 - Level 3.2 Shields


You had 2 spell levels left.
You didn't know any spells.
Your spell library was empty.

Dungeon Overview and Level Annotations

Branches:
Dungeon (2/15)

Altars:
Elyvilon

Annotations:
D:2 Natasha


Innate Abilities, Weirdness & Mutations

You are amphibious.
You cover ground slowly.
You can hop short distances.
You have an extended range of vision and can be seen from far away.


Message History

No target in view!
No target in view!
Items here: )))))) †††.
Items here: ))) †.
Found a faded altar of an unknown god.
There is a fountain of clear blue water here.
Found a stone staircase leading down.
You now have 86 gold pieces (gained 7).
A frilled lizard comes into view.
The frilled lizard hisses angrily.
A frilled lizard is nearby!
You hit the frilled lizard.
You kill the frilled lizard!
You see here a frilled lizard corpse.
A rat comes into view.
Found a stone staircase leading down.
A rat is nearby!
The rat barely misses you.
You hit the rat.
The rat is severely wounded.
The rat closely misses you.
You hit the rat.
You kill the rat!
You see here a rat corpse.
You see here a rat corpse.
Found a mace.
A jelly comes into view.
The jelly quivers.
A worm comes into view.
The jelly attacks as you move away! The jelly hits you but does no damage.
The jelly hits you but does no damage.
You hit the jelly.
Your hands burn!
The jelly is lightly wounded.
The jelly hits you. The acid corrodes you!
You are splashed with acid!
You hit the jelly but do no damage. The acid corrodes you!
Your hands burn!
The jelly is lightly wounded.
The jelly hits you. The acid corrodes you!
You are splashed with acid.
* * * LOW HITPOINT WARNING * * *
You hit the jelly.
Your hands burn!
You die...

#..# ########.##..
#..# #.......###..
#..# #.#####.###..
.#.#####..# #.#
#>.....
..........# #.#
#.....#
##.#####w## #.#
#.....#
#.#####.####.#
#......
#......J.....#
#......
#..####@######
#......
#......#####......
######...#..P.....
#.#.#.......P
#.#..#..PPP..
#.#..#.P..⌠~.
#..P.#.......
#.#..#....~..
#.#...#.#..#.


You could see a worm and a jelly.

Vanquished Creatures
  An adder (D:2)
  4 endoplasms (D:1)
  2 giant cockroaches (D:1)
  11 goblins
  5 hobgoblins
  2 jackals (D:1)
  2 quokkas
  3 ball pythons (D:1)
  A bat (D:2)
  A frilled lizard (D:2)
  3 kobolds
  2 rats
37 creatures vanquished.

Vanquished Creatures (others)
  2 fungi (D:2)
  2 plants (D:2)
4 creatures vanquished.

Grand Total: 41 creatures vanquished

Notes
Turn   | Place    | Note
-------+----------+-------------------------------------------
     0 | D:1      | Oxelix the Barachi Fighter began the quest for the Orb.
     0 | D:1      | Reached XP level 1. HP: 18/18 MP: 1/1
    65 | D:1      | Reached skill level 3 in Long Blades
   206 | D:1      | Reached XP level 2. HP: 24/24 MP: 2/2
   401 | D:1      | Reached skill level 4 in Long Blades
   561 | D:1      | Reached XP level 3. HP: 29/29 MP: 3/3
   741 | D:2      | Noticed Natasha
   858 | D:2      | Found a white marble altar of Elyvilon.
   994 | D:2      | Found a faded altar of an unknown god.
  1084 | D:2      | Splashed by a jelly's acid

Illustrated notes

Levels and vault maps discovered:
D:1:      saegor_arrival_simple_a, layout_loops_ring
D:2:      layout_loops_ring, basic_altar,
          shapermc_ecumenical_altar_mp_ritualfount, uniq_robin, uniq_natasha

Skill      XL: |  1  2 |
---------------+-------+-----
Long Blades    | 3 4 |  4.9
Fighting       | |  3.6
Armour         | |  3.6
Shields        | |  3.2

Action                   || total
-------------------------++-------
Melee: Long sword        ||    96
Armor: Scale mail        ||    47
Dodge: Dodged            ||    47
Block: Buckler           ||    14

Table legend: (Time is in decaauts)
 A = Elapsed time spent in this place.
 B = Non-inter-level travel time spent in this place.
 C = Inter-level travel time spent in this place.
 D = Time resting spent in this place.
 E = Time spent auto-exploring this place.
 F = Levels seen in this place.
 G = Mean time per level.
                   A        B        C        D        E       F      G
               +--------+--------+--------+--------+--------+-----+--------+
         Total |   1270 |   1195 |     75 |     31 |    836 |   2 |  635.0 |
       Dungeon |   1270 |   1195 |     75 |     31 |    836 |   2 |  635.0 |
               +--------+--------+--------+--------+--------+-----+--------+

Top non-repeatable levels by time:
     D:1: 966 daAuts
     D:2: 304 daAuts
